Cogmind - Beta 9.3 @@@ ROGUE MODE // 2019.12.19 @ 02:48:22 // Winter2019/RPGLIKE Player: Yuzuke Result: Destroyed by as-94090 with Assembled Maul Performance ------------- Evolutions (0) 0 Regions Visited (0) 0 Robots Destroyed (7) 35 Value Destroyed (35) 35 Prototype IDs (0) 0 Alien Tech Used (0) 0 Bonus (0) 0 TOTAL SCORE: 70 Bonus ------- None Cogmind --------- Core Integrity 0/600 Matter 300/300 Energy 275/275 System Corruption 0% Temperature Cool (190) Movement Rolling (100) Location -11/Scrapyard Parts ------- > --- POWER (2) -------- Ion Engine Light Ion Engine > --- PROPULSION (2) --- Compact Wheel > --- UTILITY (2) ------ Seismic Analyzer > --- WEAPON (1) ------- Medium Laser > --- INVENTORY (3) ---- Compact Wheel Mining Laser Peak State ------------ > --- POWER ------------ Ion Engine Light Ion Engine > --- PROPULSION ------- Compact Wheel Compact Wheel > --- UTILITY ---------- Improved Terrain Scanner Seismic Analyzer > --- WEAPON ----------- Medium Laser > --- INVENTORY -------- Compact Wheel Mining Laser [Rating: 8] Favorites ----------- Power Ion Engine Engine Ion Engine Propulsion Compact Wheel Wheel Compact Wheel Utility Improved Terrain Scanner Device Improved Terrain Scanner Processor Seismic Analyzer Weapon Medium Laser Energy Gun Medium Laser Build | -11 ------- Run | Scr Slots Evolved 3 | 3 Power 1 | 1 Propulsion 1 | 1 Utility 1 | 1 Weapon . | . Parts Attached 7 | 7 Power 2 | 2 Engine 2 | 2 Core . | . Reactor . | . Propulsion 2 | 2 Treads . | . Leg . | . Wheel 2 | 2 Hover . | . Flight . | . Utility 2 | 2 Device 1 | 1 Storage . | . Processor 1 | 1 Hackware . | . Protection . | . Artifact . | . Weapon 1 | 1 Energy Gun 1 | 1 Energy Cannon . | . Ballistic Gun . | . Ballistic Cannon . | . Launcher . | . Special Weapon . | . Impact Weapon . | . Slashing Weapon . | . Piercing Weapon . | . Special Melee Weapon . | . Unidentified Prototypes . | . Parts Lost . | . Power . | . Propulsion . | . Utility . | . Weapon . | . Highest Loss Streak . | . Average Slot Usage (%) . | . Naked Turns . | . Heaviest Build 11 | 11 Greatest Support 32 | 32 Greatest Overweight (x) . | . Average Overweight (x) . | . Largest Inventory Capacity 3 | 3 Average Capacity 2 | 2 Most Carried 3 | 3 Average Carried 1 | 1 Final Capacity 3 | 3 Final Carried 2 | 2 Class Distribution -------------------- None Dominant Class ---------------- None Resources | -11 ----------- Run | Scr Matter Collected 277 | 277 Remotely . | . Salvage Created 183 | 183 Parts 12 | 12 Haulers Intercepted . | . Recyclers Shooed 1 | 1 Parts Field Recycled . | . Retrieved Matter . | . Parts Self-Destructed . | . Prevented . | . Kills | -11 ------- Run | Scr Combat Hostiles Destroyed 1 | 1 Guns 1 | 1 Classes Destroyed 4 | 4 Worker 1 | 1 Tunneler 4 | 4 Recycler 1 | 1 Assembled 1 | 1 Best Kill Streak 5 | 5 Combat Bots Only 1 | 1 Max Kills in Single Turn 1 | 1 Gunslinging . | . Exploded . | . Melee . | . Uniques/NPCs Destroyed . | . Combat | -11 -------- Run | Scr Damage Taken 741 | 741 Core 606 | 606 Absorbed by Shields . | . Redirected to Core 490 | 490 Core Remaining (%) . | . Volleys Fired 35 | 35 Largest 1 | 1 Hottest 50 | 50 Shots Fired 35 | 35 Gun 35 | 35 Cannon . | . Launcher . | . Special . | . Kinetic . | . Thermal 35 | 35 Explosive . | . Electromagnetic . | . Robot Hit Streak 8 | 8 Robot Miss Streak 3 | 3 Penetration Max . | . Secondary Targets . | . Shots Hit Robots 23 | 23 Core Hits 9 | 9 Critical Hits . | . Critical Kills . | . Critical Parts Destroyed . | . Melee Attacks . | . Impact . | . Slashing . | . Piercing . | . Sneak Attacks . | . Combat Hostiles . | . Follow-up Attacks . | . Damage Inflicted 351 | 351 Guns 351 | 351 Cannons . | . Explosions . | . Melee . | . Ramming . | . Kinetic . | . Thermal 351 | 351 Explosive . | . Electromagnetic . | . Impact . | . Slashing . | . Piercing . | . Highest Corruption . | . Average Corruption . | . Corruption Purged . | . Overload Shots . | . Overflow Damage . | . Projectiles . | . Explosions . | . Melee . | . Knockbacks . | . Impact . | . Kinetic . | . Secondary . | . Self-Inflicted Damage . | . Shots . | . Rammed . | . Targets Rammed . | . Kicked . | . Crushed . | . Highest Temperature 190 | 190 Average Temperature 72 | 72 Received Heat Transfer 100 | 100 Siege Activations . | . Robots Corrupted . | . Combat Hostiles . | . Parts Fried . | . Impact Corruptions . | . Robots Melted . | . Combat Hostiles . | . Parts Melted 2 | 2 Heat Transferred 1036 | 1036 Parts Sabotaged . | . Parts Stolen . | . Parts Stripped . | . Power Chain Reactions . | . Missiles Intercepted . | . Alert | -11 ------- Run | Scr Peak Influence 25 | 25 Average Influence 5 | 5 Maximum Alert Level . | . Low Security (%) 100 | 100 Level 1 . | . Level 2 . | . Level 3 . | . Level 4 . | . Level 5 . | . High Security . | . Max Security . | . Squads Dispatched . | . Investigation . | . Extermination . | . Reinforcement . | . Assault . | . Garrison . | . Intercept . | . Construction Impeded . | . Haulers Reinforced . | . Stealth | -11 --------- Run | Scr Distress Signals . | . Communications Jammed . | . Distress Signals . | . Times Spotted 16 | 16 Peak Tracking Total 16 | 16 Tactical Retreats . | . Traps | -11 ------- Run | Scr Traps Triggered . | . Indirectly . | . Trap Hack Attempts . | . Triggered . | . Disarmed . | . Reprogrammed . | . Reused . | . Traps Extracted . | . Installed . | . Triggered . | . Machines | -11 ---------- Run | Scr Machines Disabled . | . Max in Single Turn . | . Machines Sabotaged . | . Garrisons Compromised . | . Overloaded Fab Kills . | . Fab Network Shutdowns . | . Hacking | -11 --------- Run | Scr Machines Accessed . | . Terminals . | . Fabricators . | . Repair Stations . | . Recycling Units . | . Scanalyzers . | . Garrison Access . | . Total Hacks . | . Successful . | . Failed . | . Catastrophic . | . Database Lockouts . | . Manual . | . Terminals . | . Fabricators . | . Repair Stations . | . Recycling Units . | . Scanalyzers . | . Garrison Access . | . Terminal Hacks . | . Fabricator Hacks . | . Repair Station Hacks . | . Recycling Unit Hacks . | . Scanalyzer . | . Garrison Access Hacks . | . Unauthorized Hacks . | . Terminals . | . Fabricators . | . Repair Stations . | . Recycling Units . | . Scanalyzers . | . Garrison Access . | . Data Cores Recovered . | . Used . | . Hacking Detections . | . Full Trace Events . | . Feedback Events . | . Feedback Blocked . | . Robot Schematics Acquired . | . Robots Built . | . Matter . | . Time . | . Total Robot Build Rating . | . Part Schematics Acquired . | . Parts Built . | . Matter . | . Time . | . Total Part Build Rating . | . Parts Repaired . | . Time . | . Parts Recycled . | . Recycled Matter . | . Retrieved Matter . | . Retrieved Components . | . Parts Scanalyzed . | . Part Schematics Acquired . | . Parts Damaged . | . Bothacking | -11 ------------ Run | Scr Used RIF Installer . | . Robots Hacked . | . Non-combat . | . Combat . | . Robot Hacks Applied . | . Relay Couplers Released . | . Robots Rewired . | . Allies Hacked . | . Hacks Repelled . | . Allies | -11 -------- Run | Scr Total Allies . | . Largest Group . | . Highest-Rated Group . | . Highest-Rated Ally . | . Total Orders . | . Ally Attacks . | . Total Damage . | . Kills . | . Allies Corrupted . | . Allies Melted . | . Intel | -11 ------- Run | Scr Robot Analysis Total . | . Derelict Logs Recovered . | . Drone Launches . | . Drone Recoveries . | . Exploration | -11 ------------- Run | Scr Turns Passed 1735 | 1735 Spaces Moved 225 | 225 Core 2 | 2 Treads . | . Legs . | . Wheels 223 | 223 Hover . | . Flight . | . Fastest Speed 50 | 50 Average Speed 99 | 99 Slowest Speed 100 | 100 Overloaded Moves . | . Propulsion Burnouts . | . Robots Hopped . | . Cave-ins Triggered . | . Exploration Rate (%) 20 | 20 Regions Visited . Branch Regions . Pre-discovered Areas . | . Known Exits Taken . | . Unknown Exits Taken . | . Scrap Searched . | . Spaces Dug . | . Terrain Destroyed . | . Melee . | . Projectile . | . AOE . | . Actions | -11 --------- Run | Scr Total 1701 | 1701 Wait 1425 | 1425 Move 225 | 225 Hop . | . Pick Up 8 | 8 Fast Attach 2 | 2 Attach 5 | 5 Detach . | . Swap . | . Drop 1 | 1 Fire 35 | 35 Melee . | . Ram . | . Kick . | . Crush . | . Escape Stasis . | . Rewire . | . Trap . | . Miscellaneous . | . Route ------- -11/Scrapyard (discovered 1 exit: [*Mat]) History --------- Turn | Location | Event 7 | -11/Scrapyard | Upgraded with Power slot (x1) 7 | -11/Scrapyard | Upgraded with Propulsion slot (x1) 7 | -11/Scrapyard | Upgraded with Utility slot (x1) 18 | -11/Scrapyard | Discovered new exit (range 15) 1696 | -11/Scrapyard | Assembled infested the area 1730 | -11/Scrapyard | Core integrity fell below 50% 1734 | -11/Scrapyard | Core integrity fell below 20% 1736 | -11/Scrapyard | Destroyed by as-94090 with Assembled Maul Last Messages --------------- 00824_ K-01 Serf collects debris. 00826_ T-07 Excavator is excavating. 00828_ K-01 Serf collects debris. 00830_ T-07 Excavator is excavating. 00832_ K-01 Serf collects debris. 00835_ T-07 Excavator is excavating. 00835_ K-01 Serf collects debris. 00839_ T-07 Excavator is excavating. 00839_ K-01 Serf collects debris. 00843_ T-07 Excavator is excavating. 00846_ K-01 Serf collects debris. 00947_ T-07 Excavator is excavating. 01696_ ALERT: Infestation in the scrapyard, dispatching Demolisher response squad. [Achievement: Curiosity Killed The Cat] 01698_ T-07 Excavator system terminally corrupted. 01722_ Imp. Terrain Scanner severed. 01724_ Knocked back. 01731_ Com. Wheel severed. 01731_ as-57353 destroyed. Map ----- +----------------------------------------------------+ | | | | | | | | | | | ????????????????????????????????????????????????? | | ?????????#??#???#??#????????????????????????????? | | ????##?##?###########?##??#??#??#???????????????? | | ??#?###??######################?????????????????? | | #################################???????????????? | | ##????########################?###??????????????? | | ###??######## "## #?######?######?#????????????? | | #?#?#?######? ?" ##?#########?##?#???????????? | | #####??##### " ?##?######?#??#####??????????? | | ?########?## " ############??#?#???????????? | | ######?###### " ################??#?????????? | | #####?####### " #####?#######?#####?????????? | | ############# ?##############?##?####????????? | | ############### ##############?########????????? | | ##### # ## #########???#?????????? | | ##### #### ! ########??#?##????????? | | ##### # %# #####?##?#####????????? | | ##### a ######??####?##???????? | | ?#### # # %aaa####?#?#??#?##????????? | | ##### # # aaaaa#######?####??????????? | | ##### # # aa@#####?##?##?##????????? | | ##### # # aaa##############????????? | | ############### # a #########?##?#????????? | | ####### # ###################?#??????????? | | ####### ######################?????????? | | ####### # ##############?###?#???????????? | | #?############# ####################???????????? | | ############### #############?#?###????????????? | | ############## #############?####????????????? | | #############?###?????????????? | | #############?#???????????????? | | ############# ##############????????????????? | | ## #########################?#?????????????????? | | # #########################?##?????????????????? | | #############?############?###?????????????????? | | ##############?####?########??????????????????? | | # # #######?###?########?###?#??????????????????? | | ## # ? #############??????????????????? | | ##### # ?###########????????????????????? | | # ?#####??#?###???????????????????? | | !%* ## #?##???##??????????????????????? | | ##### ##########?#???#?###?????????????????????? | | #?### ###?#######?#######??????????????????????? | | #?### ###############?#????????????????????????? | | #####% ###########???#??????????????????????????? | +----------------------------------------------------+ Best States ------------- Heat Dissipation 25 Energy Generation 15 Energy Capacity 275 Matter Stores 300 Matter Capacity 300 Sight Range 16 Terrain Scan Range 16 Terrain Scan Density 60 Evasion (%) 40 Item Schematics ----------------- None Robot Schematics ------------------ None Fabricated ------------ Nothing Alien Tech Used ----------------- None Achievements -------------- Curiosity Killed The Cat Challenges ------------ None RPGLIKE | -11 --------- Run | Scr Levels Raised . | . XP Earned 3000 | 3000 XP Spent 3000 | 3000 Upgrades 6 | 6 Power Slot 1 | 1 Propulsion Slot 1 | 1 Utility Slot 1 | 1 Inventory Capacity 3 | 3 Protomatter Created 11 | 11 Protomatter Decayed . | . Game ------ Seed FireMyomerEngine Manual? 0 Play Time 00:14:14 Cumulative 19.9 hours Start 2019.12.19 @ 02:41:09 End 2019.12.19 @ 02:48:22 Sessions 0 Manual Loads 0 Difficulty Rogue Special Mode Winter2019/RPGLIKE Game No. 18 Rogue 18 Adventurer 0 Explorer 0 Win Type - Total 0 Types 0/0/0/0/0/0/0 Lore% 4 Gallery% 23 Achievement% 3 Wizard Run 0 Options --------- ASCII 0 Keyboard 0 Movement Numpad Keybinds 0 Fullscreen 1 Font 18/SmallcapsGlow Map View 76x50 Tactical HUD 1 Map Filters NONE Filters NONE Steam 1 RUN: 2f3b6cff-a80a-4641-b447-2cf84fa8700b